 Dungeon Crawl Stone Soup version 0.31.0-10-gcf4a605ca0 (webtiles) character file.

Game seed: 3701040555780400157

64 Laraso the Magician (level 3, -2/24 HPs)
             Began as a Mummy Alchemist on Jan 26, 2024.
             Slain by a gnoll
             ... wielding a +0 spear
              (4 damage)
             ... on level 2 of the Dungeon.
             The game lasted 00:02:46 (978 turns).

Laraso the Magician (Mummy Alchemist)                Turns: 978, Time: 00:02:47

Health: -2/24      AC:  3    Str: 11    XL:     3   Next: 91%
Magic:  1/9        EV: 12    Int: 16    God:
Gold:   75         SH:  0    Dex: 12    Spells: 9/12 levels left

rFire   x . .        e - +0 quarterstaff
rCold   + . .        (shield currently unavailable)
rNeg    + + +        a - +0 robe
rPois   ∞            (no helmet)
rElec   .            (no cloak)
rCorr   .            f - +0 pair of gloves
SInv    .            (no boots)
Will    .....        (no amulet)
Stlth   ++           (no ring)
HPRegen 0.24/turn    (no ring)
MPRegen 0.11/turn

%: faith
@: very slightly contaminated
A: cold resistance 1, negative energy resistance 3, torment resistance 2, heat
vulnerability 1, in touch with death 1, no potions, faith
a: no special abilities


You were on level 2 of the Dungeon.
You visited 1 branch of the dungeon, and saw 2 of its levels.

You collected 75 gold pieces.

Inventory:

Hand Weapons
 e - a +0 quarterstaff (weapon)
Armour
 a - a +0 robe (worn)
 f - a +0 pair of gloves (worn)


   Skills:
 - Level 1.5 Dodging
 - Level 1.5 Stealth
 + Level 5.3 Spellcasting
 - Level 0.7 Conjurations
 - Level 2.4 Alchemy


You had 9 spell levels left.
You knew the following spells:

 Your Spells              Type           Power      Damage    Failure   Level
a - Sting                 Conj/Alch      36%        1d5       8%          1
b - Mercury Vapours       Alch/Air       16%        N/A       14%         2

Your spell library contained the following spells:

 Spells                   Type           Power      Damage    Failure   Level
 Mephitic Cloud           Conj/Alch/Air  7%         N/A       28%         3
 Olgreb's Toxic Radiance  Alch           12%        N/A       47%         4
 Sticky Flame             Fire/Alch      8%         2d4       65%         4


Dungeon Overview and Level Annotations

Branches:
Dungeon (2/15)

Altars:


Innate Abilities, Weirdness & Mutations

You are immune to poison.
Your flesh is cold resistant. (rC+)
You are immune to negative energy. (rN+++)
You are immune to unholy pain and torment.
You are vulnerable to heat. (rF-)
You are in touch with the powers of death.
You do not drink.
You have a special connection with the divine. (Faith)


Message History

Aim: a ribbon worm (moderately wounded, very poisoned, 89% to hit)
You miscast Sting.
Nothing appears to happen.
The gnoll hits you but does no damage.
The ribbon worm expels a string of sticky webbing.
The stream of webbing hits you but does no damage.
You are caught in a web!
Casting: Sting (safe; 8% risk of failure)
Confirm with . or Enter, or press ? or * to list all spells.
Aiming: Sting (safe; 8% risk of failure)
Press: ? - help, Shift-Dir - straight line, f/p - ribbon worm
Aim: a ribbon worm (moderately wounded, very poisoned, catching its breath, 89% to hit)
The sting hits the ribbon worm.
The ribbon worm looks even sicker.
The ribbon worm is moderately wounded.
The gnoll hits you from afar with a +0 spear.
The ribbon worm bites you but does no damage.
The web tears apart.
The gnoll hits you from afar with a +0 spear.
* * * LOW HITPOINT WARNING * * *
The ribbon worm bites you.
* * * LOW HITPOINT WARNING * * *
You hit the ribbon worm.
The ribbon worm is heavily wounded.
The gnoll closely misses you. The ribbon worm misses you.
Unknown command.
Casting: Sting (safe; 8% risk of failure)
Confirm with . or Enter, or press ? or * to list all spells.
Aiming: Sting (safe; 8% risk of failure)
Press: ? - help, Shift-Dir - straight line, f/p - ribbon worm
Aim: a ribbon worm (moderately wounded, very poisoned, catching its breath, 89% to hit)
The sting hits the ribbon worm.
The ribbon worm looks as sick as possible!
The ribbon worm is heavily wounded.
The gnoll barely misses you.
You hit the ribbon worm.
The ribbon worm is almost dead.
You kill the ribbon worm!
The gnoll barely misses you. The gnoll closely misses you.
The gnoll attacks as it pursues you!
The gnoll hits you from afar with a +0 spear.
You die...

......####### *,*
*,,, #############
*,* *,**
############# *,* *,*
############# *,* *,*
############# *,* *,*
*,****,** *,,,,,,,,
*********############
**,,,,,,,
,,,,,,,,,.......@.g.#
#....,,,
*********##########)#
#...,,,, #.# #r..,,,,
#.# #..,,,,, #g#
#gg,,,*, #g# #g#**,,,
#.# ###.# *,*,
#r####.#.# *,,,
#g..g.gg.# **,*


You could see a gnoll.

Vanquished Creatures
  3 gnolls
  A dart slug (D:1)
  A ribbon worm (D:2)
  5 endoplasms (D:1)
  A giant cockroach (D:1)
  2 goblins (D:1)
  3 hobgoblins (D:1)
  3 quokkas (D:1)
  4 bats (D:1)
  3 kobolds
  3 rats (D:1)
29 creatures vanquished.

Notes
Turn   | Place    | Note
-------+----------+-------------------------------------------
     0 | D:1      | Laraso the Mummy Alchemist began the quest for the Orb.
     0 | D:1      | Reached XP level 1. HP: 13/13 MP: 4/4
    26 | D:1      | Reached skill level 3 in Spellcasting
    26 | D:1      | Reached XP level 2. HP: 11/19 MP: 0/6
   207 | D:1      | Learned a level 2 spell: Mercury Vapours
   317 | D:1      | Reached skill level 4 in Spellcasting
   481 | D:1      | Reached XP level 3. HP: 24/24 MP: 6/8
   716 | D:1      | Reached skill level 5 in Spellcasting
   974 | D:2      | HP: 1/24 [ribbon worm (3)]
   978 | D:2      | Slain by a gnoll

Illustrated notes

Levels and vault maps discovered:
D:1:      sevenhm_arrival_forest_fort_small_3, layout_rooms,
          minmay_tiny_reverse_x
D:2:      layout_loops_ring, serial_glass, glass_columns_a, glass_columns_a,
          serial_shops, shop, chequers_serial_rivers_micro_d

Skill      XL: |  1  2  3 |
---------------+----------+-----
Spellcasting   | 3 4 5 |  5.3
Dodging        | |  1.5
Stealth        | |  1.5
Conjurations   | |  0.7
Alchemy        | |  2.4

Action                     || total
---------------------------++-------
  Melee: Short sword       ||    28
         Quarterstaff      ||    35
   Cast: Sting             ||    23
         Mercury Vapours   ||    12
    Use: Scroll            ||     3
 Armour: Robe              ||    52
  Dodge: Dodged            ||    64
